 Dungeon Crawl Stone Soup version 0.28.0 (webtiles) character file.

Game seed: 17235419663131395462

328318 Theoretic the Brawler (level 20, -18/224 (226) HPs)
             Began as a Palentonga Earth Elementalist on Feb 16, 2022.
             Was a Priest of Sif Muna.
             Demolished by a tengu reaver (33 damage)
             ... on level 5 of the Vaults on Feb 18, 2022.
             The game lasted 03:24:58 (67449 turns).

Theoretic the Brawler (PaEE)                       Turns: 67449, Time: 03:24:59

HP:   -18/224 (226) AC: 40    Str: 18    XL:     20   Next: 80%
MP:   24/34         EV: 10    Int: 24    God:    Sif Muna [***...]
Gold: 2465          SH: 16    Dex: 11    Spells: 6/39 levels left

rFire   + . .      SeeInvis +     - Unarmed
rCold   + + .      Faith    .   b - +1 kite shield {AC+3}
rNeg    + . .      Spirit   .   (armour currently unavailable)
rPois   ∞          Reflect  +   t - +1 hat "Sizenust" {rPois rCorr}
rElec   +          Harm     .   V - scarf {rC+ rF+}
rCorr   +          Rampage  .   (gloves currently unavailable)
Will    +....                   (no barding)
Stlth   ++........              H - amulet of reflection
HPRegen 0.47/turn               S - ring of protection from cold
MPRegen 0.24/turn               R - +6 ring of strength

@: about to teleport, statue-form, very slightly contaminated, slowed, lightly
drained, curled up, very slow
A: slow and powerful, torment resistance 1, boosted hp, large, rugged brown
scales 3, see invisible, deformed body, roll 1, armoured tail, reflexive curl
}: 2/15 runes: decaying, serpentine
a: Rolling Charge, End Transformation, Renounce Religion, Channel Magic, Forget
Spell


You were on level 5 of the Vaults.
You worshipped Sif Muna.
Sif Muna was most pleased with you.
You were a living statue of rough stone.
You visited 7 branches of the dungeon, and saw 37 of its levels.

You collected 3655 gold pieces.
You spent 1190 gold pieces at shops.

Inventory:

Missiles
 n - 3 throwing nets
 O - 584 stones
 T - 11 curare-tipped darts
Armour
 b - a +1 kite shield of protection (worn)
 m - a +2 robe of resistance
 t - the +1 hat "Sizenust" (worn) {rPois rCorr}
   (You found it on level 4 of the Vaults)

   rPois:     It protects you from poison.
   rCorr:     It protects you from acid and corrosion.
 y - a +1 robe of the Archmagi (melded)
 D - the +4 barding "Soinikhyceu" (melded) {Will+++ rCorr Int-3 Stlth+}
   (You took it off a centaur on level 6 of the Dungeon)

   Int:       It affects your intelligence (-3).
   rCorr:     It protects you from acid and corrosion.
   Will:      It greatly increases your willpower.
   Stlth:     It makes you more stealthy.
 E - a scarf of repulsion
 K - a +2 pair of gloves of strength (melded)
 V - a scarf of resistance (worn)
Magical Staves
 c - a staff of poison
 d - a staff of fire
Jewellery
 a - a ring of protection from fire
 H - an amulet of reflection (around neck)
 N - the ring of Wulali {Will+ Dex+2 SInv}
   (You found it on level 6 of the Lair of Beasts)

   [ring of see invisible]

   Dex:       It affects your dexterity (+2).
   SInv:      It lets you see invisible.
   Will:      It increases your willpower.
 R - a +6 ring of strength (right fist)
 S - a ring of protection from cold (left fist)
 U - the ring of Cibyulebi {Fire rN++}
   (You found it on level 5 of the Vaults)

   [ring of fire]

   It enhances your fire magic.
   rF:        It protects you from fire.
   rC:        It makes you vulnerable to cold.
   rN:        It greatly protects you from negative energy.
 Y - a +4 ring of protection
Wands
 e - a wand of polymorph (3)
 p - a wand of iceblast (33)
 v - a wand of flame (91)
 J - a wand of mindburst (10)
 W - a wand of acid (12)
Scrolls
 g - 7 scrolls of immolation
 j - 10 scrolls of enchant armour
 o - 5 scrolls of fog
 q - 10 scrolls of teleportation
 s - 2 scrolls of summoning
 u - 4 scrolls of enchant weapon
 w - 2 scrolls of magic mapping
 A - 4 scrolls of torment
 B - 2 scrolls of fear
 C - 3 scrolls of silence
 M - 9 scrolls of amnesia
Potions
 f - a potion of heal wounds
 i - 5 potions of lignification
 k - 5 potions of attraction
 l - 15 potions of curing
 r - 3 potions of haste
 x - 5 potions of resistance
 z - 3 potions of magic
 F - 5 potions of ambrosia
 G - 4 potions of might
 I - 4 potions of mutation
 L - a potion of invisibility
 Q - 9 potions of brilliance
 Z - a potion of cancellation
Miscellaneous
 h - a phantom mirror (inert)


   Skills:
 + Level 15.4 Fighting
 - Level 1.3 Maces & Flails
 - Level 5.0 Armour
 - Level 5.0 Dodging
 - Level 1.2 Stealth
 * Level 8.1 Shields
 - Level 15.4 Unarmed Combat
 - Level 10.0 Spellcasting
 - Level 15.0 Conjurations
 - Level 14.0 Transmutations
 - Level 6.0 Ice Magic
 - Level 6.0 Air Magic
 - Level 14.0 Earth Magic
 - Level 9.0 Invocations


You had 6 spell levels left.
You knew the following spells:

 Your Spells              Type           Power      Damage    Failure   Level
a - Sublimation of Blood  Necr           12%        N/A       16%         2
b - Statue Form           Tmut/Erth      45%        N/A       4%          6
c - Stone Arrow           Conj/Erth      100%       3d13      1%          3
d - Mephitic Cloud        Conj/Pois/Air  45%        N/A       1%          3
e - Freezing Cloud        Conj/Ice/Air   26%        6-21      7%          5
f - Irradiate             Conj/Tmut      34%        3d25      1%          5
g - Iron Shot             Conj/Erth      34%        9d7       4%          6
h - Passwall              Tmut/Erth      56%        N/A       1%          2
i - Sandblast             Erth           100%       2d20      1%          1

Your spell library contained the following spells:

 Spells                   Type           Power      Damage    Failure   Level
 Foxfire                  Conj/Fire      100%       2x1d9     1%          1
 Freeze                   Ice            100%       1d11      1%          1
 Magic Dart               Conj           100%       1d8       1%          1
 Shock                    Conj/Air       100%       1d9       1%          1
 Sting                    Tmut/Pois      100%       1d8       1%          1
 Searing Ray              Conj           100%       2d8       1%          2
 Static Discharge         Conj/Air       58%        N/A       1%          2
 Wereblood                Tmut           68%        N/A       1%          2
 Conjure Flame            Conj/Fire      48%        6-21      1%          3
 Dazzling Flash           Conj/Hex       96%        N/A       1%          3
 Spider Form              Tmut/Pois      45%        N/A       1%          3
 Hailstorm                Conj/Ice       58%        3d13      1%          4
 Ice Form                 Ice/Tmut       56%        N/A       1%          4
 Petrify                  Tmut/Erth      68%        N/A       1%          4
 Blade Hands              Tmut           34%        N/A       1%          5
 Iskenderun's Battlesphe  Conj           71%        2d12      1%          5
 Lee's Rapid Deconstruct  Erth           34%        3d18*     1%          5
 Frozen Ramparts          Ice            80%        1d10      2%          3
 Ozocubu's Armour         Ice            40%        N/A       2%          3
 Swiftness                Air            40%        N/A       2%          3
 Lightning Bolt           Conj/Air       29%        1d45      3%          5
 Corpse Rot               Necr/Air       52%        N/A       4%          2
 Ensorcelled Hibernation  Hex/Ice        52%        N/A       4%          2
 Poisonous Vapours        Pois/Air       52%        N/A       4%          2
 Ignite Poison            Fire/Tmut/Pois 34%        N/A       4%          3
 Flame Wave               Conj/Fire      48%        2d10      4%          4
 Fulminant Prism          Conj/Hex       24%        3d13      4%          4
 Iskenderun's Mystic Bla  Conj/Tloc      48%        2d11      4%          4
 Sticky Flame             Conj/Fire      48%        2d7       4%          4
 Animate Armour           Summ/Erth      90%        N/A       6%          4
 Leda's Liquefaction      Hex/Erth       22%        N/A       6%          4
 Airstrike                Air            20%        N/A       9%          4
 Animate Skeleton         Necr           24%        N/A       11%         1
 Apportation              Tloc           24%        N/A       11%         1
 Pain                     Necr           48%        1d6       11%         1
 Slow                     Hex            48%        N/A       11%         1
 Summon Small Mammal      Summ           48%        N/A       11%         1
 Fireball                 Conj/Fire      24%        3d11      13%         5
 Scorch                   Fire           24%        2d6       16%         2
 Alistair's Intoxication  Tmut/Pois      30%        N/A       16%         5
 Borgnjor's Vile Clutch   Necr/Erth      22%        N/A       16%         5
 Yara's Violent Unravell  Hex/Tmut       22%        3d10      16%         5
 Conjure Ball Lightning   Conj/Air       29%        3x3d8     22%         6
 Call Canine Familiar     Summ           12%        N/A       30%         3
 Confusing Touch          Hex            12%        N/A       30%         3
 Gell's Gravitas          Tloc           12%        N/A       30%         3
 Lesser Beckoning         Tloc           12%        N/A       30%         3
 Portal Projectile        Hex/Tloc       24%        N/A       30%         3
 Summon Guardian Golem    Hex/Summ       12%        N/A       30%         3
 Teleport Other           Tloc           12%        N/A       30%         3
 Vampiric Draining        Necr           12%        2d6       30%         3
 Summon Ice Beast         Ice/Summ       26%        N/A       30%         4
 Summon Lightning Spire   Summ/Air       26%        N/A       30%         4
 Starburst                Conj/Fire      24%        6d8       58%         6
 Metabolic Englaciation   Hex/Ice        13%        N/A       63%         5
 Eringya's Noxious Bog    Tmut/Pois      22%        N/A       65%         6
 Anguish                  Hex/Necr       6%         N/A       71%         4
 Cause Fear               Hex            6%         N/A       71%         4
 Dispel Undead            Necr           12%        3d9       71%         4
 Olgreb's Toxic Radiance  Pois           12%        N/A       71%         4
 Excruciating Wounds      Necr           6%         N/A       96%         5
 Summon Mana Viper        Hex/Summ       12%        N/A       96%         5
 Simulacrum               Ice/Necr       13%        N/A       99%         6
 Death Channel            Necr           6%         N/A       100%        6
 Summon Cactus Giant      Summ           6%         N/A       100%        6
 Orb of Destruction       Conj           35%        9d10      19%         7
 Dragon Form              Tmut           34%        N/A       28%         7
 Storm Form               Tmut/Air       28%        N/A       82%         7
 Lehudib's Crystal Spear  Conj/Erth      34%        10d9      87%         8
 Spellforged Servitor     Conj/Summ      24%        N/A       99%         7
 Enfeeble                 Hex            6%         N/A       100%        7
 Monstrous Menagerie      Summ           6%         N/A       100%        7
 Ozocubu's Refrigeration  Ice            20%        4d9       100%        7
 Summon Hydra             Summ           6%         N/A       100%        7
 Ignition                 Fire           6%         3d4       100%        8
 Maxwell's Capacitive Co  Air            20%        ∞         100%        8
 Necromutation            Tmut/Necr      22%        N/A       100%        8
 Chain Lightning          Conj/Air       29%        3d38      100%        9
 Dragon's Call            Summ           6%         N/A       100%        9
 Fire Storm               Conj/Fire      24%        8d6       100%        9
 Shatter                  Erth           34%        3d27*     100%        9


Dungeon Overview and Level Annotations

Branches:
Dungeon (15/15)            Temple (1/1) D:4            Lair (6/6) D:11
  Swamp (4/4) Lair:3        Snake (4/4) Lair:3        Slime (0/5) Lair:5
    Orc (2/2) D:12            Elf (0/3) Orc:2        Vaults (5/5) D:14
  Crypt (0/3) Vaults:2     Depths (0/4) D:15

Altars:
Ashenzari
Cheibriados
Dithmenos
Elyvilon
Fedhas
Gozag
Hepliaklqana
Kikubaaqudgha
Makhleb
Nemelex Xobeh
Okawaru
Qazlal
Ru
Sif Muna
Trog
Uskayaw
Vehumet
Wu Jian
Xom
Yredelemnul
Zin
The Shining One

Shops:
D:12 (   Orc:2 **((   Snake:2 :[*   Snake:3 **(   Vaults:4 (**

Portals:
Abyss: D:9

Annotations:
D:3 1 runed translucent door, crazypyro's ghost, amateur OgWn
D:9 2 transporters, dolemite99's ghost, novice DsFi
D:14 3 runed translucent doors, hawla's ghost, journeyman DrCj
Swamp:1 2 runed translucent doors, Jenx's ghost, journeyman MiBe
Swamp:2 Roxanne


Innate Abilities, Weirdness & Mutations

You are a living statue of rough stone.
Your actions are slow, but your melee attacks are powerful.
You are resistant to unholy torment.
Your maximum health is greatly increased.
You are immune to poison.
Your equipment is partially melded.
(You are completely covered in rugged brown scales. (AC +3, +7% HP))
You have supernaturally acute eyesight. (SInv)
Armour fits poorly on your strangely shaped body.
You can roll at nearby foes to attack.
You have a long armoured tail.
You curl defensively after being hit. (AC +7*)


Message History

Casting: Freezing Cloud (mildly dangerous; 7% risk of failure)
Confirm with . or Enter, or press ? or * to list all spells.
Aiming: Iron Shot (mildly dangerous; 4% risk of failure)
Press: ? - help, Shift-Dir - straight line, f/p - war gargoyle
Aim: a war gargoyle, wielding a +4 flail of protection (severely damaged, catching its breath, 94% to hit)
You miscast Iron Shot.
You are very lightly contaminated with residual magic.
The air around you crackles with energy.
* * * LOW HITPOINT WARNING * * *
You block the war gargoyle's attack.
The war gargoyle launches metal splinters at you.
The spray of metal splinters hits you!!
* * * LOW HITPOINT WARNING * * *
Okay, then.
Casting: Iron Shot (mildly dangerous; 4% risk of failure)
Confirm with . or Enter, or press ? or * to list all spells.
Okay, then.
Okay, then.
You feel much better.
The war gargoyle launches metal splinters at you.
The spray of metal splinters hits you!
* * * LOW HITPOINT WARNING * * *
The tengu reaver gestures at you while chanting.
The bolt of poison hits the war gargoyle.
The war gargoyle completely resists.
The bolt of poison hits you but does no damage.
You resist.
The tengu reaver hits you from afar with a +0 glaive of protection.
* * * LOW HITPOINT WARNING * * *
You block the war gargoyle's attack.
The ironbound convoker points at the tengu reaver and mumbles some strange words.
The tengu reaver seems to grow stronger.
You block the war gargoyle's attack. You block the tengu reaver's attack.
As you read the scroll of teleportation, it crumbles to dust.
You feel strangely unstable. You block the war gargoyle's attack.
You block the tengu reaver's attack.
The war gargoyle hits you with a +4 flail of protection.
* * * LOW HITPOINT WARNING * * *
The tengu reaver hits you from afar with a +0 glaive of protection!!
You die...

#.'..).=....#
#.#.......).#..#
#.#)........#..#
#..#.#=........#..#
#..#.#....}...[#..#
#..#.#..)))....#..#
#..#.#)...![...#..#
#..#.###########..####
#....89Qp......Q.)).).
#....#################
#..).)................
#..)..................
######################


You could see a tengu reaver (strong), a war gargoyle and an ironbound convoker.

Vanquished Creatures
  A golden dragon (Vaults:5)
  A tentacled monstrosity (Vaults:5)
  Mlioglotl (Swamp:2)
  2 liches
  An ancient champion (Vaults:2)
  3 sphinxes (Vaults:2)
  5 thorn hunters
  A shadow dragon (Vaults:4)
  A revenant (Vaults:2)
  A tengu reaver (Vaults:4)
  A storm dragon (Vaults:4)
  A fire giant (Vaults:5)
  A fenstrider witch (Swamp:4)
  4 nagarajas
  Aizul (Vaults:3)
  10 vault wardens
  An orc warlord (Vaults:1)
  17 very ugly things
  4 ghouls
  3 ironbound thunderhulks
  15 ironbound preservers
  3 eleionomae (Swamp:4)
  A deep elf demonologist (Vaults:5)
  9 dire elephants
  Snorg (D:12)
  A fire dragon (D:10)
  6 bunyips
  2 deep elf death magi
  A green death (Swamp:4)
  15 yaktaur captains
  A crystal guardian (Vaults:3)
  5 salamander tyrants
  2 deep elf high priests
  14 vault guards
  4 boulder beetles
  3 great orbs of eyes
  3 peacekeepers
  19 naga warriors
  2 ogre magi
  A ghost crab (Swamp:2)
  12 hydras
  A death knight (D:12)
  9 ironbound frosthearts
  14 anacondas
  A merfolk avatar (Swamp:3)
  10 centaur warriors
  2 tengu warriors
  2 catoblepae
  An alligator (shapeshifter) (D:10)
  14 alligators
  9 two-headed ogres
  5 death yaks (Lair:5)
  17 naga sharpshooters
  A shock serpent (Snake:3)
  5 orc high priests
  2 deep elf knights
  2 soul eaters (Swamp:4)
  A sixfirhy (Swamp:4)
  4 salamander mystics
  3 skeletal warriors
  A flayed ghost (D:10)
  3 sea snakes
  2 goliath frogs
  A sea snake (shapeshifter) (Vaults:2)
  7 spriggan druids
  A glowing orange brain (Vaults:2)
  30 deep trolls
  2 swamp dragons
  3 lindwurms (Vaults:4)
  8 wizards
  6 bog bodies
  9 naga ritualists
  A harpy (D:10)
  11 ironbound convokers
  7 orc knights
  A wolf spider (D:9)
  Pikel (D:5)
  2 necromancers
  13 mana vipers
  3 phantasmal warriors
  2 deep elf zephyrmancers
  4 deep elf pyromancers
  3 human zombies (Vaults:3)
  17 salamanders
  4 orc sorcerers
  5 oklob plants
  42 ugly things
  An iron dragon zombie (D:15)
  7 will-o-the-wisps
  8 cyclopes
  4 manticores
  A moth of wrath (shapeshifter) (Vaults:4)
  A human skeleton (Vaults:3)
  A frost giant skeleton (D:15)
  A stone giant zombie (D:15)
  37 black mambas
  A guardian serpent (Snake:4)
  2 orange demons (Swamp:4)
  25 naga magi
  22 elephants
  An eye of devastation (Lair:5)
  11 vault sentinels
  16 cane toads
  An unseen horror (shapeshifter) (D:15)
  4 komodo dragons
  An efreet (D:12)
  Psyche (D:8)
  A freezing wraith (Vaults:1)
  28 yaktaurs
  5 rime drakes
  3 hellwings (Swamp:4)
  An unseen horror (D:11)
  3 kobold demonologists
  3 tengu conjurers (Vaults:4)
  5 trolls
  A meliai (D:10)
  2 queen bees
  A tarantella (shapeshifter) (Vaults:5)
  6 polar bears
  9 tyrant leeches
  10 hornets
  31 slime creatures
  20 blink frogs
  Grinder (D:6)
  Prince Ribbit (D:5)
  6 dream sheep
  Sigmund (D:6)
  A centaur simulacrum (D:10)
  18 spriggans
  4 shadows
  2 wraiths
  47 yaks
  12 wyverns
  3 basilisks (Lair:3)
  2 steam dragons
  A neqoxec (Swamp:4)
  16 vampire mosquitoes
  15 swamp worms
  A warg (D:15)
  An acid dragon (D:9)
  32 nagas
  20 water moccasins
  A floating eye (Lair:5)
  Duvessa (D:6)
  4 black bears
  39 orc warriors
  2 ice beasts
  10 ogres
  2 sky beasts
  2 necrophages (D:7)
  6 boggarts
  30 wolves
  13 centaurs
  3 lemures (D:5)
  3 phantoms
  8 kobold brigands
  15 bullfrogs
  A gnoll sergeant (D:9)
  3 scorpions
  A water moccasin zombie (D:5)
  A wyvern skeleton (D:7)
  Dowan (D:6)
  A water moccasin skeleton (D:6)
  4 wights (D:7)
  54 killer bees
  A tengu skeleton (D:15)
  2 howler monkeys (D:13)
  3 electric eels
  2 jellies (D:5)
  5 centaur zombies
  6 centaur skeletons
  2 hounds
  38 orc priests
  Jessica (D:3)
  3 iguanas
  37 orc wizards
  13 hell rats
  Terence (D:2)
  3 howler monkey zombies
  3 gnolls (D:9)
  5 adders
  2 howler monkey skeletons
  3 shadow imps
  2 ufetubi
  A worm (D:4)
  A dart slug (D:1)
  77 orcs
  12 ball pythons
  3 bats
  7 endoplasms
  6 giant cockroaches
  7 goblins
  6 hobgoblins
  3 jackals (D:1)
  2 quokkas (D:3)
  6 frilled lizards
  40 kobolds
  10 kobold skeletons (D:12)
  8 kobold zombies (D:12)
  7 rats
  16 briar patches
1480 creatures vanquished.

Vanquished Creatures (collateral kills)
  An ice dragon (D:10)
1 creature vanquished.

Vanquished Creatures (others)
  A fenstrider witch (Swamp:4)
  A vault warden (Vaults:3)
  A wizard (Vaults:2)
  A swamp worm (Swamp:3)
  10 foxfires
  14 fungi
  64 plants
  4 withered plants (D:15)
96 creatures vanquished.

Grand Total: 1577 creatures vanquished

Notes
Turn   | Place    | Note
-------+----------+-------------------------------------------
     0 | D:1      | Theoretic the Palentonga Earth Elementalist began the quest
                  | for the Orb.
     0 | D:1      | Reached XP level 1. HP: 13/13 MP: 3/3
    86 | D:1      | Found a faded altar of an unknown god.
   220 | D:1      | Reached XP level 2. HP: 7/20 MP: 3/5
  1080 | D:2      | Reached XP level 3. HP: 17/25 MP: 0/6
  1460 | D:2      | Learned a level 2 spell: Passwall
  1528 | D:2      | Noticed Terence
  1541 | D:2      | Killed Terence
  1542 | D:2      | Reached XP level 4. HP: 18/32 MP: 7/7
  1738 | D:3      | Found an ornate altar of the Wu Jian Council.
  1739 | D:3      | Found an ancient bone altar of Kikubaaqudgha.
  1973 | D:3      | Found a shadowy altar of Dithmenos.
  1992 | D:3      | Found an iron altar of Okawaru.
  2130 | D:3      | Noticed Jessica
  2134 | D:3      | Killed Jessica
  2135 | D:3      | Reached skill level 5 in Earth Magic
  2153 | D:3      | Learned a level 3 spell: Stone Arrow
  2206 | D:3      | Found a runed translucent door.
  2212 | D:3      | Noticed crazypyro's ghost (amateur OgWn)
  2971 | D:4      | Noticed a sky beast
  2979 | D:4      | Killed a sky beast
  2980 | D:4      | Reached XP level 5. HP: 36/37 MP: 3/8
  3027 | D:4      | HP: 1/37 [orc (1)]
  3427 | D:4      | Found a faded altar of an unknown god.
  3558 | D:4      | Found a staircase to the Ecumenical Temple.
  3566 | Temple   | Entered the Ecumenical Temple
  3667 | Temple   | Became a worshipper of Elyvilon the Healer
  3716 | D:4      | Reached XP level 6. HP: 43/43 MP: 9/9
  3807 | D:4      | Fell from the grace of Elyvilon
  4024 | D:5      | Entered Level 5 of the Dungeon
  4320 | D:5      | Found a bloodstained altar of Trog.
  4398 | D:5      | Gained mutation: You curl defensively after being hit. (AC
                  | +7*) [Palentonga growth]
  4398 | D:5      | Reached XP level 7. HP: 20/49 MP: 5/10
  4973 | D:5      | Noticed Prince Ribbit
  4981 | D:5      | Reached skill level 5 in Conjurations
  4989 | D:5      | Killed Prince Ribbit
  5465 | D:6      | Noticed Grinder
  5700 | D:5      | Noticed Pikel
  5736 | D:5      | Killed Pikel
  5737 | D:5      | Reached XP level 8. HP: 40/60 MP: 0/13
  5843 | D:5      | Learned a level 3 spell: Mephitic Cloud
  6071 | D:6      | Noticed Sigmund
  6074 | D:6      | Noticed Duvessa
  6411 | D:6      | Identified the +4 barding "Soinikhyceu" {Will+++ rCorr
                  | Int-3 Stlth+}
  6431 | D:6      | Noticed Dowan
  6514 | D:6      | Killed Duvessa
  6525 | D:6      | Killed Dowan
  6526 | D:6      | Reached XP level 9. HP: 65/69 MP: 8/15
  6902 | D:6      | Got the Papyrus of the Flying Rocks
  6945 | D:6      | Killed Sigmund
  7142 | D:6      | Killed Grinder
  7143 | D:6      | Reached skill level 5 in Fighting
  7792 | D:7      | Reached skill level 5 in Spellcasting
  7932 | D:7      | Reached skill level 5 in Air Magic
  8580 | D:8      | Noticed Psyche
  8588 | D:8      | Killed Psyche
  8589 | D:8      | Reached XP level 10. HP: 81/81 MP: 7/18
  9025 | D:8      | Found a shimmering blue altar of Sif Muna.
  9095 | D:8      | Found a stormy altar of Qazlal.
  9154 | D:8      | Became a worshipper of Sif Muna the Loreminder
  9346 | D:9      | Found a transporter.
  9455 | D:9      | Found a one-way gate to the infinite horrors of the Abyss.
  9455 | D:9      | Noticed dolemite99's ghost (novice DsFi)
  9506 | D:9      | Noticed a thrashing horror
  9506 | D:9      | Noticed a toenail golem
  9510 | D:9      | Noticed a toenail golem
  9562 | D:9      | Found a transporter.
  9961 | D:9      | Found a radiant altar of Vehumet.
  9962 | D:9      | Found a glowing silver altar of Zin.
  9970 | D:9      | Found a broken altar of Ashenzari.
 10372 | D:9      | Reached skill level 1 in Invocations
 10435 | D:9      | Reached * piety under Sif Muna
 10857 | D:10     | Entered Level 10 of the Dungeon
 11006 | D:10     | Noticed a harpy
 11240 | D:10     | Noticed a flayed ghost
 11251 | D:10     | Killed a flayed ghost
 11351 | D:10     | Reached skill level 5 in Invocations
 11535 | D:10     | Reached XP level 11. HP: 69/86 MP: 4/20
 11535 | D:10     | Noticed a tengu warrior
 11914 | D:10     | Noticed a centaur warrior
 11919 | D:10     | Killed a centaur warrior
 11920 | D:10     | Reached skill level 10 in Conjurations
 12019 | D:10     | Noticed a centaur warrior
 12028 | D:10     | Killed a centaur warrior
 12029 | D:10     | Reached skill level 1 in Ice Magic
 12281 | D:10     | Noticed a centaur warrior
 12287 | D:10     | Killed a centaur warrior
 12287 | D:10     | Reached ** piety under Sif Muna
 12591 | D:10     | Learned a level 5 spell: Freezing Cloud
 12907 | D:10     | Found a glowing golden altar of the Shining One.
 13211 | D:10     | Noticed a quicksilver ooze
 13216 | D:10     | Noticed an alligator
 13216 | D:10     | a quicksilver ooze changed into an alligator
 13223 | D:10     | Killed an alligator
 13266 | D:10     | Identified the +6 chain mail of the Moon Troll {rF+++ MP+9
                  | Dex-3 Stlth+}
 13542 | D:10     | Noticed a wolf spider
 13605 | D:10     | Noticed a yaktaur captain
 13605 | D:10     | Noticed a deep elf knight
 13628 | D:9      | Killed a wolf spider
 13934 | D:9      | Killed a tengu warrior
 14255 | D:10     | Killed a harpy
 14256 | D:10     | Reached XP level 12. HP: 93/98 MP: 11/22
 14340 | D:10     | Reached *** piety under Sif Muna
 14366 | D:10     | Noticed a fire dragon
 14376 | D:10     | Killed a fire dragon
 14503 | D:10     | Noticed a centaur warrior
 14514 | D:10     | Killed a centaur warrior
 14590 | D:10     | Identified the +0 helmet "Ynkayb" {Will+}
 14724 | D:10     | Noticed an ice dragon
 14762 | D:10     | Killed an ice dragon
 14763 | D:10     | Reached skill level 5 in Ice Magic
 15025 | D:10     | Killed a yaktaur captain
 15576 | D:11     | Noticed a two-headed ogre
 15585 | D:11     | Killed a two-headed ogre
 15707 | D:11     | Found a staircase to the Lair.
 15896 | D:11     | Reached skill level 1 in Maces & Flails
 16005 | D:11     | Noticed a two-headed ogre
 16013 | D:11     | Killed a two-headed ogre
 16258 | D:11     | Noticed a four-headed hydra
 16263 | D:11     | Killed a four-headed hydra
 16517 | D:11     | Found a radiant altar of Vehumet.
 17078 | Lair:1   | Entered Level 1 of the Lair of Beasts
 17168 | Lair:1   | Reached **** piety under Sif Muna
 17482 | Lair:1   | Reached XP level 13. HP: 71/104 MP: 18/23
 19682 | Lair:2   | Reached ***** piety under Sif Muna
 20020 | Lair:3   | Received a gift from Sif Muna
 20021 | Lair:3   | Got Atifiofeu's Reference Book on Transformation {god gift}
 20136 | Lair:2   | Learned a level 5 spell: Irradiate
 21018 | Lair:3   | Found a staircase to the Snake Pit.
 21043 | Lair:3   | Learned a level 6 spell: Iron Shot
 22679 | Lair:3   | Found a staircase to the Swamp.
 23362 | Lair:4   | Identified the +0 robe "Menopemn" {Rampage rC+ Will+}
 24012 | Lair:5   | Found a staircase to the Slime Pits.
 24021 | Lair:5   | Reached skill level 10 in Fighting
 24397 | Lair:5   | Received a gift from Sif Muna
 24398 | Lair:5   | Got Pelat's Incunabulum of the Freezing Blaze {god gift}
 24529 | Lair:5   | Reached XP level 14. HP: 107/117 MP: 8/24
 25748 | Lair:6   | Entered Level 6 of the Lair of Beasts
 25918 | Lair:6   | Reached skill level 10 in Earth Magic
 26255 | Lair:6   | Reached skill level 1 in Armour
 27380 | Lair:6   | Received a gift from Sif Muna
 27386 | Lair:6   | Got Vuxyjuywn's Compendium of Companions {god gift}
 28325 | Lair:6   | Identified the ring of Wulali {Will+ Dex+2 SInv}
 28399 | Lair:6   | Reached skill level 1 in Shields
 29312 | D:12     | Received a gift from Sif Muna
 29321 | D:12     | Got Sif Muna's Disquisition on Enthralling Shape Shifting
                  | {god gift}
 29651 | D:12     | Reached skill level 5 in Dodging
 29777 | D:12     | Noticed Snorg
 29787 | D:12     | Killed Snorg
 29859 | D:12     | Reached XP level 15. HP: 106/123 MP: 13/27
 29863 | D:12     | Found an ancient bone altar of Kikubaaqudgha.
 30179 | D:12     | Found Qodianli's Firing Range.
 30333 | D:12     | Reached skill level 5 in Armour
 30591 | D:12     | Found a staircase to the Orcish Mines.
 30740 | Orc:1    | Entered Level 1 of the Orcish Mines
 30742 | Orc:1    | Received a gift from Sif Muna
 30943 | Orc:1    | Got Sif Muna's Papyrus of the Mountains and Flight {god
                  | gift}
 32193 | Orc:2    | Entered Level 2 of the Orcish Mines
 32262 | Orc:2    | Received a gift from Sif Muna
 32263 | Orc:2    | Got Sif Muna's Compendium of Flying Transmigration {god
                  | gift}
 32911 | Orc:2    | Reached ****** piety under Sif Muna
 32917 | Orc:2    | HP: 5/123 [orc priest/divine providence (10)]
 33225 | Orc:2    | Received a gift from Sif Muna
 33267 | Orc:2    | Found Rihaghaj's General Store.
 33267 | Orc:2    | Found Haoqoer Wuxa's Weapon Boutique.
 33267 | Orc:2    | Found Uriyl's Weapon Boutique.
 33282 | Orc:2    | Found Sint's General Store.
 33426 | Orc:2    | Bought the +9 spear of Moderation {freeze, rCorr SInv} for
                  | 806 gold pieces
 33718 | Orc:2    | Found a staircase to the Elven Halls.
 33995 | Lair:3   | Identified the +2 scale mail of the Orb Guardian {Rampage
                  | +Blink Will-}
 34062 | Swamp:1  | Entered Level 1 of the Swamp
 34567 | Swamp:1  | Found a large runed translucent door.
 34568 | Swamp:1  | Found a large runed translucent door.
 34578 | Swamp:1  | Reached skill level 15 in Conjurations
 35188 | Swamp:1  | Received a gift from Sif Muna
 35189 | Swamp:1  | Got Sif Muna's Grimoire of Confrontation {god gift}
 35302 | Swamp:1  | Noticed Jenx's ghost (journeyman MiBe)
 35530 | Swamp:2  | Noticed a thorn hunter
 36062 | Swamp:2  | Killed a thorn hunter
 36766 | Swamp:2  | Noticed Mlioglotl
 36787 | Swamp:2  | Killed Mlioglotl
 36908 | Swamp:2  | Noticed a thorn hunter
 36918 | Swamp:2  | Killed a thorn hunter
 37163 | Swamp:2  | Identified Roxanne's Papyrus of Transmutation
 37163 | Swamp:2  | Noticed Roxanne
 37365 | Swamp:3  | Noticed a thorn hunter
 37385 | Swamp:3  | Killed a thorn hunter
 37386 | Swamp:3  | Reached XP level 16. HP: 44/130 MP: 2/29
 38051 | Swamp:3  | Noticed a thorn hunter
 38065 | Swamp:3  | Killed a thorn hunter
 39289 | Swamp:4  | Entered Level 4 of the Swamp
 39769 | Swamp:4  | Reached skill level 1 in Unarmed Combat
 39993 | Swamp:4  | Learned a level 6 spell: Statue Form
 39996 | Swamp:4  | Learned a level 2 spell: Sublimation of Blood
 40563 | Swamp:4  | Noticed a thorn hunter
 40617 | Swamp:4  | Reached skill level 10 in Spellcasting
 40690 | Swamp:4  | Received a gift from Sif Muna
 40691 | Swamp:4  | Got Sif Muna's Compendium of the Entrancing Snowflakes {god
                  | gift}
 41130 | Swamp:4  | Reached skill level 5 in Transmutations
 42502 | Swamp:4  | Killed a thorn hunter
 42744 | Swamp:4  | Got a decaying rune of Zot
 43060 | Snake:1  | Entered Level 1 of the Snake Pit
 44066 | Snake:1  | Reached skill level 5 in Unarmed Combat
 45097 | Snake:1  | Reached XP level 17. HP: 118/136 MP: 22/31
 46003 | Snake:2  | Received a gift from Sif Muna
 46004 | Snake:2  | Got Sif Muna's Handbook of Sinister Attacks {god gift}
 46138 | Snake:2  | Found Goth's Assorted Antiques.
 46140 | Snake:2  | Found Wuru's Armour Boutique.
 46142 | Snake:2  | Found Hity's Book Shop.
 46270 | Snake:2  | Bought a crude robe for 193 gold pieces
 46270 | Snake:2  | Identified the +1 robe of Intuition {SInv} (You bought it
                  | in a shop on level 2 of the Snake Pit)
 47856 | Snake:3  | Reached skill level 10 in Transmutations
 48490 | Snake:3  | Found Tismy's Antique Weapon Shop.
 48502 | Snake:3  | Received a gift from Sif Muna
 48727 | Snake:3  | Got Iceusist's Reference Book on Doomed Fire {god gift}
 49397 | Snake:3  | Found Dino's General Store.
 49397 | Snake:3  | Found Bopt's Assorted Antiques.
 50109 | Snake:4  | Entered Level 4 of the Snake Pit
 50539 | Snake:4  | Received a gift from Sif Muna
 50684 | Snake:4  | Reached XP level 18. HP: 61/143 MP: 5/32
 52290 | Snake:4  | Received a gift from Sif Muna
 52298 | Snake:4  | Got Sif Muna's Collected Works on Calling and Battle Magic
                  | {god gift}
 52300 | Snake:4  | Got a serpentine rune of Zot
 52922 | D:13     | Reached skill level 10 in Unarmed Combat
 53201 | D:13     | Found the +8 longbow "Zephyr" {speed, Dex+3 SInv}
 54257 | D:14     | Found a gate leading to a gauntlet.
 54664 | D:14     | Found a runed translucent gate.
 54665 | D:14     | Found a runed translucent gate.
 54666 | D:14     | Found a runed translucent gate.
 54667 | D:14     | Noticed hawla's ghost (journeyman DrCj)
 54931 | D:14     | Found a gate to the Vaults.
 55009 | D:14     | Got the Disquisition on Quantum Arcane Weapons
 55136 | D:15     | Entered Level 15 of the Dungeon
 55153 | D:15     | Received a gift from Sif Muna
 55201 | D:15     | Found a staircase to the Depths.
 55871 | D:15     | Identified the +5 scale mail "Cugroel" {rElec Slay+4}
 56564 | D:15     | Found a sparkling altar of Nemelex Xobeh.
 56877 | Vaults:1 | Entered Level 1 of the Vaults
 58437 | Vaults:1 | Received a gift from Sif Muna
 59364 | Vaults:2 | Reached XP level 19. HP: 149/149 MP: 24/33
 60432 | Vaults:2 | Found a staircase to the Crypt.
 61234 | Vaults:2 | Received a gift from Sif Muna
 61457 | Vaults:2 | Reached skill level 15 in Unarmed Combat
 62519 | Vaults:3 | Noticed Aizul
 62528 | Vaults:3 | Killed Aizul
 63019 | Vaults:3 | Received a gift from Sif Muna
 63020 | Vaults:3 | Got Sif Muna's Almanac of Fire and the Entourage {god gift}
 63420 | Vaults:3 | Reached XP level 20. HP: 85/166 MP: 28/34
 65166 | Vaults:4 | Reached skill level 5 in Shields
 65412 | Vaults:4 | Found Ereomulo's Assorted Antiques.
 65420 | Vaults:4 | Bought a scroll of teleportation for 135 gold pieces
 65817 | Vaults:4 | Received a gift from Sif Muna
 66049 | Vaults:4 | Found Laosoyhe's General Store.
 66058 | Vaults:4 | Bought a scroll of fear for 56 gold pieces
 66112 | Vaults:4 | Found Kumecyoq's Weapon Shoppe.
 66370 | Vaults:4 | Reached skill level 15 in Fighting
 66684 | Vaults:4 | Identified the +1 hat "Sizenust" {rPois rCorr}
 66696 | Vaults:4 | Found a radiant altar of Vehumet.
 66947 | Vaults:5 | Entered Level 5 of the Vaults
 67313 | Vaults:5 | Identified the ring of Cibyulebi {Fire rN++}
 67321 | Vaults:5 | Identified the +1 flail "Beohaibb" {vorpal, rPois rC+}
 67399 | Vaults:5 | Noticed a golden dragon
 67416 | Vaults:5 | Killed a golden dragon
 67449 | Vaults:5 | Demolished by a tengu reaver

Illustrated notes

Levels and vault maps discovered:
D:1:      nagdon_arrival_zigzag_paths, layout_rooms, basic_ecumenical_altar
D:2:      layout_rooms, uniq_terence
D:3:      layout_loops_corners, mainiacjoe_overflow_concentric_impassable,
          mainiacjoe_overflow_brackets,
          nicolae_dithmenos_through_a_glass_darkly, old_standard_altar,
          ebering_ghost_sewer_d, bh_walls_and_bars, uniq_jessica
D:4:      layout_cave_pools, minmay_temple_entry_arrows, serial_column_ruins,
          column_ruins_circle_small, column_ruins_temple_hall,
          column_ruins_columns_corner, column_ruins_corridor_straight,
          column_ruins_open_medium
D:5:      layout_loops_cross, trog_butcher_becter, uniq_pikel,
          uniq_prince_ribbit1
D:6:      layout_basic, corexii_checkpoint_b, uniq_duvessa, uniq_sigmund,
          uniq_grinder
D:7:      layout_cave_pools
D:8:      layout_cave_pools, tgw_sif, nicolae_qazlal_style_of_elements,
          uniq_psyche
D:9:      layout_grid_maze, nicolae_ashenzari_skybound,
          gammafunk_temple_overflow_pools, gammafunk_ghost_abyssal_escape
D:10:     minmay_chambers_of_sixes, layout_loops_corners, marbit_many_paths,
          nicolae_rejected_hall
D:11:     layout_cave_pools, dpeg_oklobed_lair, serial_column_ruins,
          column_ruins_hut_pillars, column_ruins_square_large,
          column_ruins_open_tiny, column_ruins_grid_4,
          column_ruins_columns_straight, column_ruins_grid_2,
          column_ruins_open_tiny, column_ruins_open_medium,
          vehumet_altar_wand_db
D:12:     wander_kiku_kobolds, layout_basic, orc_0_dummy,
          nicolae_shop_firing_range, uniq_snorg
D:13:     layout_loops_corners
D:14:     layout_gridville, hangedman_vaults_entry_quadrant_bands,
          infiniplex_staircase_zigzag_1, gammafunk_ghost_hydra_chop,
          gauntlet_entry_generic, hangedman_abyss_or_decor_stabs
D:15:     gammafunk_depths_entry_grave, layout_stronghold,
          nemelex_spade_bored_becter
Temple:   jpeg_temple_clearing
Lair:1:   layout_misc_corridors, special_room [special_room_bee],
          chequers_serial_rivers_marsh
Lair:2:   layout_cave_pods, lemuel_fruit_tree
Lair:3:   regret_index_wax_grids, layout_cave_shapes,
          nicolae_swamp_entry_splash_gauntlet, minmay_snake_entry_six_corridors,
          st_stairs_11
Lair:4:   layout_small_grid
Lair:5:   layout_roguey, minmay_slime_entry_eyes, fungi_pond_lemuel,
          grunt_megastairs_3, infiniplex_staircase_pool
Lair:6:   minmay_lair_end_enchanted_forest, layout_hall_layers
Swamp:1:  layout_basic_swamp, ebering_ghost_disaster_area,
          evilmike_swamp_ruin_house_4
Swamp:2:  layout_falls_marsh, hangedman_swamp_blocks, uniq_roxanne,
          uniq_mlioglotl
Swamp:3:  layout_falls_marsh, evilmike_swamp_ruin_house_2,
          grunt_lady_of_the_lake
Swamp:4:  nzn_swamp_witches_coven, layout_basic_swamp
Snake:1:  dpeg_oklob_gauntlet, layout_misc_corridors
Snake:2:  layout_basic, nicolae_snake_mages_go_home, minmay_shop_star
Snake:3:  layout_grid_shapes, serial_shops, shop, minmay_snake_pond,
          minmay_shoptagon
Snake:4:  snake_pit, layout_misc_corridors
Orc:1:    layout_caves, special_room [special_room_orc]
Orc:2:    st_orc_mages, layout_caves
Vaults:1: hangedman_vaults_hat, nicolae_vaults_little_squares_4, kb_rosetta,
          v_misc_9, nicolae_vaults_network_square, ontoclasm_vaults_hangar,
          ontoclasm_vaults_idyll, vaults_dpeg_encased_lava,
          layout_vaults_big_room
Vaults:2: minmay_crypt_entry_simple_walls, vaults_room_semicircle, v_rooms_1,
          nicolae_vaults_display_case, vaults_mumra_hex,
          nicolae_vaults_hallways_thing, nicolae_vaults_theta,
          nicolae_vaults_little_squares_6, ontoclasm_vaults_shuriken, v_misc_10,
          vaults_standard_mumra_x, vaults_room_corners,
          ontoclasm_vaults_ligature, nicolae_vaults_inception_corners,
          layout_vaults_omnibox
Vaults:3: v_misc_10, v_misc_26, nicolae_vaults_network_star,
          vaults_room_ringed_pool, layout_vaults_omnigrid, uniq_aizul
Vaults:4: grunt_vaults_focal, nicolae_vaults_disjoint_gnomons,
          ontoclasm_vaults_ring_square, hangedman_vaults_stagger,
          ontoclasm_vaults_fault, hangedman_vaults_restitches, v_misc_13,
          vaults_mumra_lcd, nicolae_vaults_little_squares_4,
          grunt_tower_of_power, vaults_mumra_minichess,
          nicolae_vaults_ring_of_whatevers, v_misc_13, dpeg_vaults_monster_box,
          ontoclasm_vaults_loading_screen, vaults_room_stairs_pillars,
          layout_vaults_ring, serial_shops, shop_fountains, shop
Vaults:5

Skill      XL: |  1  2  3  4  5  6  7  8  9 10 11 12 13 14 15 16 17 18 19 20 |
---------------+-------------------------------------------------------------+-----
Earth Magic    | 3 4 5 6 8 10 11 12 14 | 14.0
Conjurations   | 2 4 6 7 9 10 13 14 15 | 15.0
Fighting       | 2 4 6 8 10 13 15 | 15.4
Spellcasting   | 3 4 5 6 7 8 9 10 | 10.0
Air Magic      | 2 3 5 6 |  6.0
Invocations    | 5 6 8 9 |  9.0
Ice Magic      | 4 5 6 |  6.0
Maces & Flails | 1 |  1.3
Transmutations | 4 8 11 13 14 | 14.0
Dodging        | 5 |  5.0
Armour         | 4 5 |  5.0
Shields        | 1 4 8 |  8.1
Unarmed Combat | 5 8 13 15 | 15.4
Stealth        | |  1.2

Action                   |  1- 3 |  4- 6 |  7- 9 | 10-12 | 13-15 | 16-18 | 19-21 || total
-------------------------+-------+-------+-------+-------+-------+-------+-------++-------
Melee: Unarmed           |    32 |       |       |       |       |   511 |   564 ||  1107
       Tailslap          |    11 |    13 |     8 |    26 |    48 |   140 |   133 ||   379
       Dagger            |    57 |       |       |       |       |       |       ||    57
       Mace              |       |   104 |       |       |       |       |       ||   104
       Whip              |       |    18 |    44 |    87 |       |       |       ||   149
       Punch             |       |     4 |       |     2 |     1 |       |       ||     7
       Falchion          |       |       |       |    62 |    72 |       |       ||   134
       Scimitar          |       |       |       |       |   163 |       |       ||   163
       Spear             |       |       |       |       |    45 |   102 |       ||   147
Throw: Dart              |       |       |       |     3 |     1 |       |       ||     4
 Cast: Sandblast         |    26 |    45 |    98 |    38 |   322 |    57 |       ||   586
       Stone Arrow       |       |       |    40 |   214 |   224 |    12 |       ||   490
       Mephitic Cloud    |       |       |       |     4 |       |     1 |       ||     5
       Freezing Cloud    |       |       |       |     8 |    70 |    90 |    15 ||   183
       Irradiate         |       |       |       |       |    78 |    90 |    25 ||   193
       Iron Shot         |       |       |       |       |    34 |   170 |    55 ||   259
       Sublimation of Bl |       |       |       |       |       |     8 |     3 ||    11
       Passwall          |       |       |       |       |       |     1 |       ||     1
       Statue Form       |       |       |       |       |       |    45 |    54 ||    99
Invok: Renounce Religion |       |     1 |       |       |       |       |       ||     1
       Channel Magic     |       |       |       |       |     4 |     6 |       ||    10
 Abil: End Transformatio |       |       |       |       |       |     3 |       ||     3
       Rolling Charge    |       |       |       |       |       |       |     1 ||     1
Evoke: Wand              |       |       |       |     3 |     4 |     3 |     1 ||    11
       Phantom mirror    |       |       |       |       |       |       |     1 ||     1
  Use: Potion            |     3 |       |       |     1 |     2 |     2 |     5 ||    13
       Scroll            |       |       |       |    14 |    15 |     3 |     5 ||    37
 Stab: Sleeping          |     3 |     6 |       |       |       |     1 |       ||    10
       Petrifying        |       |       |       |       |     1 |       |       ||     1
       Confused          |       |       |       |       |       |     3 |       ||     3
Armor: Robe              |    46 |    79 |    67 |   190 |   555 |   149 |    15 ||  1101
       Skin              |       |       |       |       |       |   534 |   541 ||  1075
Dodge: Dodged            |    69 |    97 |    63 |   126 |   371 |   511 |   313 ||  1550
       Repelled          |       |       |       |       |     5 |    52 |       ||    57
Block: Other             |       |       |     8 |       |       |       |       ||     8
       Buckler           |       |       |       |       |    96 |   216 |   145 ||   457
       Kite shield       |       |       |       |       |       |       |    67 ||    67
       Reflection        |       |       |       |       |       |       |     1 ||     1
